 Dungeon Crawl Stone Soup version 0.30-a0-476-g330ca2eb8e (webtiles) character file.

Game seed: 1140672228008564614

33 funkygono the Slasher (level 3, 0/27 HPs)
             Began as a Demonspawn Gladiator on Dec 21, 2022.
             Slain by an adder (2 damage)
             ... on level 1 of the Dungeon.
             The game lasted 00:01:28 (832 turns).

funkygono the Slasher (Demonspawn Gladiator)         Turns: 832, Time: 00:01:28

Health: 0/27       AC:  4    Str: 16    XL:     3   Next: 12%
Magic:  3/3        EV: 12    Int:  9    God:
Gold:   60         SH:  0    Dex: 14    Spells: 2/2 levels left

rFire   . . .      SeeInvis .    a - +0 long sword
rCold   . . .      Faith    .    (no shield)
rNeg    . . .      Spirit   .    b - +0 leather armour
rPois   .          Reflect  .    c - +0 helmet
rElec   .          Harm     .    (no cloak)
rCorr   .          Rampage  .    (no gloves)
Will    .....                    (no boots)
Stlth   +.........               g - amulet of magic regeneration
HPRegen 0.24/turn                (no ring)
MPRegen 0.48/turn                (no ring)

@: no status effects
A: demonic guardian 1, sturdy frame 1
a: no special abilities


You were on level 1 of the Dungeon.
You visited 1 branch of the dungeon, and saw 2 of its levels.

You collected 60 gold pieces.

Inventory:

Hand Weapons
 a - a +0 long sword (weapon)
Missiles
 d - 3 throwing nets (quivered)
 e - a javelin
Armour
 b - a +0 leather armour (worn)
 c - a +0 helmet (worn)
Jewellery
 g - an amulet of magic regeneration (around neck)
Scrolls
 f - a scroll of immolation {unknown}
 h - a scroll of identify {unknown}
Potions
 i - 2 potions of haste {unknown}
 j - a potion of mutation {unknown}


   Skills:
 + Level 2.3 Fighting
 + Level 3.4 Long Blades
 + Level 1.8 Throwing
 + Level 0.1 Armour
 + Level 2.9 Dodging


You had 2 spell levels left.
You didn't know any spells.
Your spell library contained the following spells:

 Spells                   Type           Power      Damage    Failure   Level
 Magic Dart               Conj           0%         1d3       38%         1
 Searing Ray              Conj           0%         2d4       54%         2
 Fulminant Prism          Conj/Hex       0%         3d5       99%         4


Dungeon Overview and Level Annotations

Branches:
Dungeon (2/15)

Altars:


Innate Abilities, Weirdness & Mutations

A weak demonic guardian rushes to your aid.
Your movements are slightly less encumbered by armour. (ER -2)


Message History

You climb upwards.
You feel sick.
There is a stone staircase leading down here.
You hit the hobgoblin.
The hobgoblin is moderately wounded.
You feel sick. The quokka closely misses you. The adder closely misses you.
The hobgoblin misses you. The quokka completely misses you.
The adder barely misses you. The hobgoblin hits you.
You hit the hobgoblin.
The hobgoblin is heavily wounded.
You feel sick. The adder closely misses you. The quokka closely misses you.
The hobgoblin misses you.
You hit the hobgoblin but do no damage.
The hobgoblin is heavily wounded.
You feel sick.
You are no longer poisoned.
The adder bites you but does no damage. The quokka barely misses you.
The hobgoblin hits you. The adder closely misses you.
The quokka barely misses you.
You barely miss the hobgoblin.
The hobgoblin is heavily wounded.
The adder bites you but does no damage. The hobgoblin hits you.
The quokka completely misses you. The adder barely misses you.
You closely miss the hobgoblin.
The hobgoblin is heavily wounded.
The quokka barely misses you. The hobgoblin hits you.
The adder closely misses you. The quokka bites you. The hobgoblin hits you.
* * * LOW HITPOINT WARNING * * *
You slash the hobgoblin!
You kill the hobgoblin!
The adder closely misses you. The quokka bites you.
* * * LOW HITPOINT WARNING * * *
A demonic guardian appears!
The adder barely misses you.
Unknown command.
Your shadow imp closely misses the adder.
The quokka bites you.
* * * LOW HITPOINT WARNING * * *
The quokka attacks as you move away! The quokka bites you.
* * * LOW HITPOINT WARNING * * *
The adder bites you.
You die...

...#....#####.#.#######.#.# ####
.†............#.........#.# #...
..##########..##.##....##.####...
.................###.............
############..##.###..######'....
....# #..##.##.)##.....#....
....# #...#.#..#.#...).#....
....#########..#...#..#.....#[...
..........###..#@..#..#.....#....
...........##..rS#.#..#.....#.)..
...........##.#.5#.#..#######....
...........##.#.>..#.#.....#.....
##.#####...##.#....##..†..#......
...# #...##.#....#######.....##
.#######...##.#................#
..............#................#
.####..........................#


You could see an adder, a quokka (ally target) and a friendly shadow imp
(summoned).

Vanquished Creatures
  A dart slug (D:1)
  3 ball pythons (D:1)
  2 endoplasms
  5 goblins (D:1)
  2 hobgoblins (D:1)
  2 jackals (D:1)
  5 kobolds (D:1)
  3 quokkas (D:1)
  A bat (D:1)
  2 frilled lizards (D:1)
  2 rats (D:1)
28 creatures vanquished.

Notes
Turn   | Place    | Note
-------+----------+-------------------------------------------
     0 | D:1      | funkygono the Demonspawn Gladiator began the quest for the
                  | Orb.
     0 | D:1      | Reached XP level 1. HP: 16/16 MP: 1/1
    99 | D:1      | Reached skill level 3 in Long Blades
   105 | D:1      | Gained mutation: Your movements are slightly less
                  | encumbered by armour. (ER -2) [demonic ancestry]
   105 | D:1      | Reached XP level 2. HP: 19/22 MP: 2/2
   537 | D:1      | Gained mutation: A weak demonic guardian rushes to your
                  | aid. [demonic ancestry]
   537 | D:1      | Reached XP level 3. HP: 27/27 MP: 3/3
   832 | D:1      | HP: 1/27 [quokka (1)]
   832 | D:1      | Slain by an adder

Illustrated notes

Levels and vault maps discovered:
D:1:      ebering_hopf_link, layout_basic, minmay_3d_cube
D:2:      layout_rooms, minmay_misc_feat_tower, minmay_shallow_snake_nest

Skill      XL: |  1 |
---------------+----+-----
Long Blades    | 3 |  3.4
Fighting       | |  2.3
Throwing       | |  1.8
Armour         | |  0.1
Dodging        | |  2.9

Action                   || total
-------------------------++-------
Melee: Long sword        ||    88
 Stab: Sleeping          ||     1
Armor: Leather armour    ||    29
Dodge: Dodged            ||    92

Table legend: (Time is in decaauts)
 A = Elapsed time spent in this place.
 B = Non-inter-level travel time spent in this place.
 C = Inter-level travel time spent in this place.
 D = Time resting spent in this place.
 E = Time spent auto-exploring this place.
 F = Levels seen in this place.
 G = Mean time per level.
                   A        B        C        D        E       F      G
               +--------+--------+--------+--------+--------+-----+--------+
         Total |    854 |    839 |     15 |      0 |    574 |   2 |  427.0 |
       Dungeon |    854 |    839 |     15 |      0 |    574 |   2 |  427.0 |
               +--------+--------+--------+--------+--------+-----+--------+

Top non-repeatable levels by time:
     D:1: 798 daAuts
     D:2: 55 daAuts
